 Dungeon Crawl Stone Soup version 0.29.1-2-gbd0b4ee654 (webtiles) character file.

Game seed: 11819479613907965712

25 Sabo the Trooper (level 2, 0/27 HPs)
             Began as a Draconian Berserker on Nov 11, 2022.
             Was a Follower of Trog.
             Slain by a worm (10 damage)
             ... on level 2 of the Dungeon.
             The game lasted 00:05:40 (1626 turns).

Sabo the Trooper (Draconian Berserker)              Turns: 1626, Time: 00:05:41

Health: 0/27       AC:  4    Str: 19    XL:     2   Next: 86%
Magic:  2/2        EV: 12    Int:  7    God:    Trog [*.....]
Gold:   57         SH:  0    Dex: 10    Spells: 1/1 levels left

rFire   . . .      SeeInvis .   h - +1 short sword (flame)
rCold   . . .      Faith    .   (no shield)
rNeg    . . .      Spirit   .   (body armour unavailable)
rPois   .          Reflect  .   (helmet restricted)
rElec   .          Harm     .   (no cloak)
rCorr   .          Rampage  .   (no gloves)
Will    .....                   (no boots)
Stlth   +.........              (no amulet)
HPRegen 0.09/turn               (no ring)
MPRegen 0.08/turn               (no ring)

@: no status effects
A: AC +4, unfitting armour, cold-blooded
a: Renounce Religion, Berserk


You were on level 2 of the Dungeon.
You worshipped Trog.
Trog was aware of your devotion.
You visited 1 branch of the dungeon, and saw 2 of its levels.

You collected 57 gold pieces.

Inventory:

Hand Weapons
 a - a +0 hand axe
 f - a +0 sling
 h - a +1 short sword of flaming (weapon)
Missiles
 d - 2 boomerangs (quivered)
Scrolls
 b - a scroll of immolation {unknown}
 c - a scroll of magic mapping {unknown}
 g - a scroll of blinking {unknown}
Potions
 e - a potion of invisibility {unknown}


   Skills:
 + Level 3.7 Fighting
 + Level 3.4 Axes
 + Level 3.0 Dodging
 + Level 0.1 Stealth


You had one spell level left.
You didn't know any spells.
Your spell library was empty.

Dungeon Overview and Level Annotations

Branches:
Dungeon (2/15)

Altars:
Elyvilon


Innate Abilities, Weirdness & Mutations

Your plain brown scales are hard. (AC +4)
You cannot fit into any form of body armour.
You are cold-blooded and may be slowed by cold attacks.


Message History

The goblin is moderately wounded.
The goblin barely misses you.
You closely miss the goblin.
The goblin is moderately wounded.
The goblin hits you but does no damage.
You barely miss the goblin.
Your tail-slap misses the goblin.
The goblin is moderately wounded.
The goblin hits you but does no damage.
You hit the goblin. You burn the goblin.
You kill the goblin!
Trog accepts your kill.
Your Dodging skill increases to level 3!
Things that are here:
a +0 club; a goblin corpse
There is a stone staircase leading up here.
Found 7 gold pieces.
A worm comes into view.
Found a ring mail.
A bat comes into view.
Found a stone staircase leading down.
The worm barely misses you.
You hit the worm. You burn the worm.
The worm is lightly wounded.
You hit the worm. You burn the worm.
The worm is moderately wounded.
The worm bites you.
You barely miss the worm.
The worm is moderately wounded.
You hit the worm. You burn the worm.
You tail-slap the worm, but do no damage.
You punch the worm.
The worm is heavily wounded.
The worm bites you!
You barely miss the worm.
The worm is heavily wounded.
The worm bites you.
You barely miss the worm.
The worm is moderately wounded.
The worm bites you!
You die...

#######..###
##...[......##
#.............
#...........#
#...........
#........b#
#......$>.#
#.w# #.@# ##.#
#.# #.####
###....###
#........#
#...^....###
#..........#
#...<....#.#


You could see a worm.

Vanquished Creatures
  A dart slug (D:1)
  An endoplasm (D:1)
  2 giant cockroaches (D:1)
  A goblin (D:2)
  7 hobgoblins (D:1)
  2 kobolds (D:1)
  3 ball pythons (D:1)
  A bat (D:1)
  A frilled lizard (D:1)
  2 rats (D:1)
21 creatures vanquished.

Notes
Turn   | Place    | Note
-------+----------+-------------------------------------------
     0 | D:1      | Sabo the Draconian Berserker began the quest for the Orb.
     0 | D:1      | Reached XP level 1. HP: 19/19 MP: 1/1
   338 | D:1      | Reached XP level 2. HP: 26/26 MP: 2/2
  1516 | D:2      | Found a white marble altar of Elyvilon.
  1626 | D:2      | Slain by a worm

Illustrated notes

Levels and vault maps discovered:
D:1:      lightli_iron_boxes, layout_basic
D:2:      layout_rooms, basic_altar

Skill      XL: |  1  2 |
---------------+-------+-----
Dodging        | 3 |  3.0
Fighting       | |  3.7
Axes           | |  3.4
Stealth        | |  0.1

Action                   || total
-------------------------++-------
Melee: Hand axe          ||    39
       Short sword       ||    12
       Tailslap          ||     4
       Punch             ||     2
 Stab: Sleeping          ||     1
Armor: Skin              ||    18
Dodge: Dodged            ||    33
